 Dungeon Crawl Stone Soup version 0.30-a0-639-g3916f1956a (webtiles) character file.

Game seed: 6013660308112184572

15957 wormed the Skirmisher (level 12, -22/97 HPs)
             Began as a Gnoll Wanderer on Jan 16, 2023.
             Was a High Priest of Lugonu.
             Annihilated by a dream sheep (28 damage)
             ... led by a torpor snail
             ... on level 1 of the Lair of Beasts.
             The game lasted 00:19:53 (13607 turns).

wormed the Skirmisher (Gnoll Wanderer)             Turns: 13607, Time: 00:19:53

Health: -22/97     AC: 12    Str: 12    XL:     12   Next: 32%
Magic:  24/24      EV:  2    Int: 24    God:    Lugonu [*****.]
Gold:   252        SH:  0    Dex: 19    Spells: 27/27 levels left

rFire   + . .      SeeInvis +    i - +2 long sword of Winter {spect, rF+ SInv}
rCold   . . .      Faith    .    J - +0 kite shield
rNeg    . . .      Spirit   .    y - +2 steam dragon scales
rPois   .          Reflect  .    F - +0 mask of the Dragon {Will+ Slay+3 SInv}
rElec   .          Harm     .    C - +0 cloak
rCorr   +          Rampage  .    e - +0 pair of gloves "Deivi" {Int+6 Dex+3 SInv}
Will    +....                    h - +0 pair of boots
Stlth   ++++                     (no amulet)
HPRegen 0.36/turn                q - ring of resist corrosion
MPRegen 0.19/turn                u - +6 ring of intelligence

@: sleeping, hasted and slowed
A: fangs 1, strong nose, distributed training
a: Renounce Religion, Depart the Abyss, Banish, Corrupt, Enter the Abyss


You were on level 1 of the Lair of Beasts.
You worshipped Lugonu.
Lugonu was extremely pleased with you.
You visited 2 branches of the dungeon, and saw 13 of its levels.
You also visited: Bailey.

You collected 891 gold pieces.
You spent 639 gold pieces at shops.

Inventory:

Hand Weapons
 i - the +2 long sword of Winter (weapon) {spect, rF+ SInv}
   (You took it off a spriggan in a bailey)

   rF:        It protects you from fire.
   SInv:      It lets you see invisible.
Missiles
 b - 19 poisoned darts (quivered)
 r - 10 curare-tipped darts
 G - 2 throwing nets
Armour
 e - the +0 pair of gloves "Deivi" (worn) {Int+6 Dex+3 SInv}
   (You found it on level 7 of the Dungeon)

   Int:       It affects your intelligence (+6).
   Dex:       It affects your dexterity (+3).
   SInv:      It lets you see invisible.
 h - a +0 pair of boots (worn)
 y - +2 steam dragon scales (worn)
 C - a +0 cloak (worn)
 F - the +0 mask of the Dragon (worn) {Will+ Slay+3 SInv}
   (You bought it in a shop on level 12 of the Dungeon)

   Slay:      It affects your accuracy & damage with ranged weapons and melee
   (+3).
   SInv:      It lets you see invisible.
   Will:      It increases your willpower.
 J - a +0 kite shield (worn)
Magical Staves
 m - a staff of death
Jewellery
 k - the ring of Greed {Will- Int+7 Dex+6}
   (You found it on level 1 of the Lair of Beasts)

   [ring of dexterity]

   Int:       It affects your intelligence (+7).
   Dex:       It affects your dexterity (+6).
   Will:      It decreases your willpower.
 q - a ring of resist corrosion (left hand)
 u - a +6 ring of intelligence (right hand)
Wands
 t - a wand of iceblast (23)
 B - a wand of charming (11)
 D - a wand of mindburst (6)
 E - a wand of flame (13)
Scrolls
 a - 2 scrolls of identify
 c - 4 scrolls of teleportation
 j - 4 scrolls of enchant weapon
 l - 3 scrolls of magic mapping
 o - 4 scrolls of amnesia
 H - a scroll of brand weapon
Potions
 d - 2 potions of attraction
 f - 3 potions of lignification
 g - 6 potions of curing
 n - a potion of ambrosia
 p - a potion of brilliance
 s - a potion of resistance
 v - 4 potions of haste
 w - a potion of invisibility {unknown}
 x - 2 potions of flight
 z - 2 potions of magic {unknown}
 A - 6 potions of mutation
 I - 2 potions of berserk rage {unknown}


   Skills:
 + Level 10.0 Fighting
 + Level 7.4 Short Blades
 + Level 7.4 Long Blades
 + Level 7.4 Axes
 + Level 7.9 Maces & Flails
 + Level 7.4 Polearms
 + Level 7.4 Staves
 + Level 10.0 Ranged Weapons
 + Level 7.4 Throwing
 + Level 7.4 Armour
 + Level 7.9 Dodging
 + Level 7.4 Stealth
 + Level 7.4 Shields
 + Level 7.4 Unarmed Combat
 + Level 8.0 Spellcasting
 + Level 6.2 Conjurations
 + Level 6.2 Hexes
 + Level 6.2 Summonings
 + Level 6.2 Necromancy
 + Level 6.2 Translocations
 + Level 6.2 Transmutations
 + Level 6.2 Fire Magic
 + Level 6.2 Ice Magic
 + Level 6.2 Air Magic
 + Level 6.2 Earth Magic
 + Level 6.2 Poison Magic
 + Level 8.6 Invocations
 + Level 7.4 Evocations


You had 27 spell levels left.
You didn't know any spells.
Your spell library contained the following spells:

 Spells                   Type           Power      Damage    Failure   Level
 Apportation              Tloc           78%        N/A       1%          1
 Blink                    Tloc           78%        N/A       1%          2
 Ensorcelled Hibernation  Hex/Ice        78%        N/A       1%          2
 Lesser Beckoning         Tloc           78%        N/A       1%          2
 Momentum Strike          Conj/Tloc      78%        3d10      1%          2
 Passwall                 Tmut/Erth      32%        N/A       1%          2
 Swiftness                Air            39%        N/A       3%          3
 Tukima's Dance           Hex            39%        N/A       3%          3
 Passage of Golubria      Tloc           39%        N/A       13%         4
 Alistair's Intoxication  Tmut/Pois      26%        N/A       34%         5
 Yara's Violent Unravell  Hex/Tmut       19%        3d9       34%         5
 Haunt                    Necr/Summ      19%        N/A       100%        7
 Summon Hydra             Summ           19%        N/A       100%        7


Dungeon Overview and Level Annotations

Branches:
Dungeon (12/15)            Temple (0/1) D:4            Lair (1/5) D:9
    Orc (0/2) D:10         Bailey (visited)

Altars:
Dithmenos
Elyvilon
Kikubaaqudgha
Qazlal
Sif Muna
Trog
Uskayaw
Xom
Yredelemnul
Lugonu

Shops:
D:2 :   D:3 :?   D:4 *   D:12 [

Annotations:
D:4 2 runed translucent doors, wormed's ghost, amateur GnWn
D:9 3 runed translucent doors, porpoise's ghost, novice DjFE
D:12 3 runed translucent doors


Innate Abilities, Weirdness & Mutations

You have very sharp teeth.
Your uncanny sense of smell can sniff out nearby items.
Your experience applies equally to all skills.


Message History

Your +2 long sword of Winter {spect, rF+ SInv} hits the torpor snail!
The blink frog barely misses you. You block the blink frog's attack.
The dream sheep bites you. The blink frog closely misses you.
You block the dream sheep's attack. The dream sheep closely misses you.
You barely miss the torpor snail.
You bite the torpor snail, but do no damage.
The torpor snail is lightly wounded.
Your +2 long sword of Winter {spect, rF+ SInv} hits the torpor snail.
You block the blink frog's attack. The torpor snail bites you!
The dream sheep ruffle their wool and motes of dream dust sparkle, to no effect.
You block the dream sheep's attack. The blink frog hits you.
The blink frog blinks!
You block the torpor snail's attack.
You slash the torpor snail!
You bite the torpor snail, but do no damage.
The torpor snail is moderately wounded.
Your +2 long sword of Winter {spect, rF+ SInv} hits the torpor snail!
The blink frog blinks!
You block the dream sheep's attack. The dream sheep barely misses you.
The blink frog blinks!
The dream sheep shake their wool and sparkle.
You feel drowsy...
You fall asleep.
The dream sheep bites you but does no damage.
The torpor snail bites you!!!
You wake up.
Ouch! That really hurt!
* * * LOW HITPOINT WARNING * * *
The blink frog blinks!
You feel yourself speed up. The dream sheep closely misses you. x2
The blink frog blinks!
The torpor snail closely misses you. The dream sheep bites you!
* * * LOW HITPOINT WARNING * * *
You block the dream sheep's attack. The dream sheep closely misses you.
The dream sheep attacks as you move away!
The dream sheep completely misses you.
The dream sheep attacks as you move away!
You block the dream sheep's attack.
There is a stone staircase leading down here.
The dream sheep shake their wool and sparkle.
You feel drowsy...
You fall asleep.
You stop descending the stairs.
The dream sheep bites you!!
You die...

....~~.~..... .#......##
##........... .........##
####........ .|..).....#
#P........ ..........#
#......... ......$...##
###......... ...........##
#P.......... .......Y....#
#.......... .......w.Y@.#
#..........
............#####..........
............†P##...........
..............###...........
.(............####..........
..........F....# #..........
.............P# #.........#
.#......!....####.........#
##....$...#.##.#........##


You could see a torpor snail, a blink frog and 2 dream sheep.

Vanquished Creatures
  Gastronok (D:8)
  Erolcha (D:10)
  A centaur warrior (D:11)
  A two-headed ogre (Bailey)
  A deep elf pyromancer (D:12)
  2 komodo dragons
  A troll (D:12)
  Grinder (D:5)
  2 hornets (D:8)
  2 dream sheep (Lair:1)
  4 blink frogs (Lair:1)
  2 shadows
  20 yaks
  4 spriggans (Bailey)
  2 wraiths
  A vampire (D:11)
  A wyvern (D:6)
  2 steam dragons
  A fire bat (D:11)
  2 chaos spawn (D:11)
  2 acid dragons
  An orc warrior (D:8)
  2 black bears
  3 sky beasts
  8 ogres
  11 centaurs
  2 phantoms
  2 kobold brigands
  4 gnoll sergeants
  2 bullfrogs (D:9)
  5 scorpions
  2 necrophages
  3 killer bees (D:9)
  An electric eel (D:6)
  A jelly (D:6)
  6 orc priests
  4 hounds
  2 gnoll boudas
  3 iguanas
  6 orc wizards
  8 ogre zombies (D:10)
  Robin (D:2)
  28 gnolls
  5 adders
  2 shadow imps (D:6)
  A white imp (D:5)
  2 ufetubi (D:7)
  3 worms
  4 dart slugs
  25 orcs
  10 endoplasms
  A giant cockroach (D:3)
  20 goblins
  7 hobgoblins
  2 jackals (D:1)
  20 kobolds
  3 quokkas
  4 ball pythons
  5 bats
  4 frilled lizards
  3 goblin skeletons (D:10)
  A hobgoblin zombie (D:10)
  3 orc skeletons (D:10)
  18 orc zombies (D:10)
  2 rats
304 creatures vanquished.

Vanquished Creatures (others)
  A kobold (D:9)
  4 fungi (D:9)
  13 plants
18 creatures vanquished.

Grand Total: 322 creatures vanquished

Notes
Turn   | Place    | Note
-------+----------+-------------------------------------------
     0 | D:1      | wormed the Gnoll Wanderer began the quest for the Orb.
     0 | D:1      | wormed set off with the following items: a +2 sling, a +0
                  | mace, a +0 pair of boots, a potion of attraction, a +0
                  | leather armour.
     0 | D:1      | Reached XP level 1. HP: 23/23 MP: 4/4
   127 | D:1      | Found a faded altar of an unknown god.
   203 | D:1      | Reached XP level 2. HP: 29/29 MP: 5/5
   651 | D:1      | Reached XP level 3. HP: 35/35 MP: 7/7
   806 | D:1      | Prayed at the altar of an unknown god.
   806 | D:1      | Became a worshipper of Lugonu the Unformed
   806 | D:1      | Reached * piety under Lugonu
   910 | D:2      | Noticed Robin
   915 | D:2      | Reached skill level 1 in Short Blades
   915 | D:2      | Reached skill level 1 in Long Blades
   915 | D:2      | Reached skill level 1 in Axes
   915 | D:2      | Reached skill level 1 in Polearms
   915 | D:2      | Reached skill level 1 in Staves
   915 | D:2      | Reached skill level 1 in Throwing
   915 | D:2      | Reached skill level 1 in Armour
   915 | D:2      | Reached skill level 1 in Stealth
   915 | D:2      | Reached skill level 1 in Shields
   915 | D:2      | Reached skill level 1 in Unarmed Combat
   915 | D:2      | Reached skill level 1 in Evocations
   933 | D:2      | Killed Robin
   934 | D:2      | Reached XP level 4. HP: 28/41 MP: 8/8
  1019 | D:2      | Found Fusaca's Book Emporium.
  1157 | D:2      | Reached ** piety under Lugonu
  1425 | D:3      | Reached skill level 1 in Conjurations
  1425 | D:3      | Reached skill level 1 in Hexes
  1425 | D:3      | Reached skill level 1 in Summonings
  1425 | D:3      | Reached skill level 1 in Necromancy
  1425 | D:3      | Reached skill level 1 in Translocations
  1425 | D:3      | Reached skill level 1 in Transmutations
  1425 | D:3      | Reached skill level 1 in Fire Magic
  1425 | D:3      | Reached skill level 1 in Ice Magic
  1425 | D:3      | Reached skill level 1 in Air Magic
  1425 | D:3      | Reached skill level 1 in Earth Magic
  1425 | D:3      | Reached skill level 1 in Poison Magic
  1524 | D:3      | Found Olaohew's Magic Scroll Emporium.
  1534 | D:3      | Bought a scroll of identify for 24 gold pieces
  1644 | D:3      | Bought a scroll of amnesia for 48 gold pieces
  2000 | D:3      | Reached XP level 5. HP: 47/47 MP: 9/9
  2168 | D:3      | Found Kunlihin's Vocational Training.
  2307 | D:4      | Noticed an ogre
  2309 | D:4      | Killed an ogre
  2330 | D:4      | Found Tautovoa's Neck Hole.
  2438 | D:4      | Reached XP level 6. HP: 53/53 MP: 11/11
  2562 | D:4      | Found a staircase to the Ecumenical Temple.
  2668 | D:4      | Found a runed translucent door.
  2688 | D:4      | Found a runed translucent door.
  2688 | D:4      | Noticed wormed's ghost (amateur GnWn)
  2777 | D:4      | Found a shadowy altar of Dithmenos.
  3336 | D:5      | Entered Level 5 of the Dungeon
  3379 | D:5      | Reached XP level 7. HP: 60/60 MP: 12/12
  3394 | D:5      | Noticed Grinder
  3402 | D:5      | Killed Grinder
  3527 | D:5      | Reached *** piety under Lugonu
  3709 | D:5      | Found a bloodstained altar of Trog.
  4032 | D:6      | Reached XP level 8. HP: 67/67 MP: 14/14
  4335 | D:6      | Identified a scroll of acquirement
  4335 | D:6      | Acquired the Elucidation of Attendants and Portals
  4912 | D:6      | Found an ancient bone altar of Kikubaaqudgha.
  5036 | D:6      | Noticed a wyvern
  5042 | D:6      | Killed a wyvern
  5043 | D:6      | Reached skill level 5 in Invocations
  5134 | D:6      | Reached XP level 9. HP: 73/73 MP: 16/16
  5265 | D:6      | Reached skill level 5 in Spellcasting
  5597 | D:7      | Identified the +0 pair of gloves "Deivi" {Int+6 Dex+3 SInv}
  5599 | D:7      | Found a shimmering blue altar of Sif Muna.
  5606 | D:7      | Found a hide-covered altar of Uskayaw.
  5611 | D:7      | Found a basalt altar of Yredelemnul.
  5711 | D:7      | Found a flagged portal.
  5726 | Bailey   | Entered a bailey
  5751 | Bailey   | Reached skill level 5 in Maces & Flails
  5751 | Bailey   | Reached skill level 5 in Dodging
  6203 | Bailey   | Identified the +2 long sword of Winter {spect, rF+ SInv}
  6385 | Bailey   | Noticed a two-headed ogre
  6408 | Bailey   | Killed a two-headed ogre
  6408 | Bailey   | Reached **** piety under Lugonu
  6409 | Bailey   | Reached skill level 5 in Short Blades
  6409 | Bailey   | Reached skill level 5 in Long Blades
  6409 | Bailey   | Reached skill level 5 in Axes
  6409 | Bailey   | Reached skill level 5 in Polearms
  6409 | Bailey   | Reached skill level 5 in Staves
  6409 | Bailey   | Reached skill level 5 in Throwing
  6409 | Bailey   | Reached skill level 5 in Armour
  6409 | Bailey   | Reached skill level 5 in Stealth
  6409 | Bailey   | Reached skill level 5 in Shields
  6409 | Bailey   | Reached skill level 5 in Unarmed Combat
  6409 | Bailey   | Reached skill level 5 in Evocations
  6409 | Bailey   | Reached XP level 10. HP: 53/82 MP: 18/18
  7389 | D:8      | Noticed Gastronok
  7402 | D:8      | Killed Gastronok
  8519 | D:9      | Found a runed translucent gate.
  8520 | D:9      | Found a runed translucent gate.
  8520 | D:9      | Found a runed translucent gate.
  8536 | D:9      | Found a staircase to the Lair.
  8591 | D:9      | Noticed a spectral centaur warrior
  8592 | D:9      | Noticed a spectral centaur warrior
  8592 | D:9      | Noticed porpoise's ghost (novice DjFE)
  8665 | D:9      | Reached skill level 5 in Conjurations
  8665 | D:9      | Reached skill level 5 in Hexes
  8665 | D:9      | Reached skill level 5 in Summonings
  8665 | D:9      | Reached skill level 5 in Necromancy
  8665 | D:9      | Reached skill level 5 in Translocations
  8665 | D:9      | Reached skill level 5 in Transmutations
  8665 | D:9      | Reached skill level 5 in Fire Magic
  8665 | D:9      | Reached skill level 5 in Ice Magic
  8665 | D:9      | Reached skill level 5 in Air Magic
  8665 | D:9      | Reached skill level 5 in Earth Magic
  8665 | D:9      | Reached skill level 5 in Poison Magic
  8667 | D:9      | Found a white marble altar of Elyvilon.
  8787 | D:9      | Reached XP level 11. HP: 49/89 MP: 21/21
  8806 | D:9      | Reached ***** piety under Lugonu
  8949 | D:9      | Found a stormy altar of Qazlal.
  9709 | D:10     | Entered Level 10 of the Dungeon
  9926 | D:10     | Found a staircase to the Orcish Mines.
 10047 | D:10     | Identified the +1 leather armour of Midwinter {rF+ Str+4}
 10375 | D:10     | Noticed Erolcha
 10385 | D:10     | Killed Erolcha
 10593 | D:11     | Found a shimmering altar of Xom.
 10593 | D:11     | Found the +7 mace of Variability {chaos, chain chaos}
 10597 | D:11     | Noticed a boulder beetle
 10609 | D:11     | Banished a boulder beetle
 11264 | D:11     | Noticed a centaur warrior
 11270 | D:11     | Killed a centaur warrior
 11521 | D:11     | Identified the +1 war axe of the Beginning {freeze, rF-
                  | Dex+5}
 12393 | D:12     | Reached XP level 12. HP: 69/97 MP: 23/23
 12593 | D:12     | Found a runed translucent gate.
 12594 | D:12     | Found a runed translucent gate.
 12595 | D:12     | Found a runed translucent gate.
 12777 | D:12     | Found Honnyiri's Armour Shop.
 13238 | D:12     | Bought the +0 mask of the Dragon {Will+ Slay+3 SInv} for
                  | 567 gold pieces
 13238 | D:12     | Found the +0 mask of the Dragon {Will+ Slay+3 SInv}
 13419 | Lair:1   | Entered Level 1 of the Lair of Beasts
 13429 | Lair:1   | Identified the ring of Greed {Will- Int+7 Dex+6}
 13590 | Lair:1   | Reached skill level 10 in Fighting
 13590 | Lair:1   | Reached skill level 10 in Ranged Weapons
 13603 | Lair:1   | HP: 4/97 [dream sheep[a torpor snail] (7)]
 13607 | Lair:1   | Annihilated by a dream sheep

Illustrated notes

Levels and vault maps discovered:
D:1:      mrwooster_arrival_statue_2, layout_basic,
          dreamdust_ecumenical_altar_angels_and_demons
D:2:      layout_rooms, serial_shops, shop_statue, uniq_robin
D:3:      layout_basic, serial_shops, shop_statue, minmay_misc_feat_tiny,
          nicolae_shop_vocational
D:4:      layout_basic, kennysheep_little_box, minmay_temple_entry_stoned_glass,
          ebering_ghost_sewer_f, nicolae_shop_sticking_my_neck_out
D:5:      layout_basic, mainiacjoe_overflow_24_doors, uniq_grinder
D:6:      layout_gridville, mainiacjoe_overflow_alcove_4, serial_bayou_pond_b,
          corexii_checkpoint_a
D:7:      layout_loops_ring, minmay_overflow_temple_star_quad, enter_bailey_5
D:8:      layout_cave_pods, uniq_gastronok
D:9:      old_forge, layout_loops_ring, mainiacjoe_overflow_surrounded_room,
          mainiacjoe_overflow_paths, david_lair_shrubbed,
          gammafunk_ghost_necromancy, nicolae_straight_to_the_point
D:10:     layout_cave_pools, zombieorc2_lemuel, uniq_erolcha
D:11:     layout_basic, minmay_guarded_unrand_variability
D:12:     layout_roguey, ploomutoo_gammafunk_ghost_potion_laboratory,
          serial_shops, nicolae_inconvenience_store
Lair:1:   layout_cave_pods, serial_bayou_crossing, infiniplex_staircase_pool

Skill      XL: |  1  2  3  4  5  6  7  8  9 10 11 12 |
---------------+-------------------------------------+-----
Short Blades   | 1 2 3 5 6 7 |  7.4
Long Blades    | 1 2 3 5 6 7 |  7.4
Axes           | 1 2 3 5 6 7 |  7.4
Polearms       | 1 2 3 5 6 7 |  7.4
Staves         | 1 2 3 5 6 7 |  7.4
Throwing       | 1 2 3 5 6 7 |  7.4
Armour         | 1 2 3 5 6 7 |  7.4
Stealth        | 1 2 3 5 6 7 |  7.4
Shields        | 1 2 3 5 6 7 |  7.4
Unarmed Combat | 1 2 3 5 6 7 |  7.4
Evocations     | 1 2 3 5 6 7 |  7.4
Spellcasting   | 3 4 5 6 7 8 |  8.0
Conjurations   | 1 2 3 4 5 6 |  6.2
Hexes          | 1 2 3 4 5 6 |  6.2
Summonings     | 1 2 3 4 5 6 |  6.2
Necromancy     | 1 2 3 4 5 6 |  6.2
Translocations | 1 2 3 4 5 6 |  6.2
Transmutations | 1 2 3 4 5 6 |  6.2
Fire Magic     | 1 2 3 4 5 6 |  6.2
Ice Magic      | 1 2 3 4 5 6 |  6.2
Air Magic      | 1 2 3 4 5 6 |  6.2
Earth Magic    | 1 2 3 4 5 6 |  6.2
Poison Magic   | 1 2 3 4 5 6 |  6.2
Invocations    | 3 4 5 6 7 8 |  8.6
Maces & Flails | 3 4 5 6 7 |  7.9
Dodging        | 3 4 5 6 7 |  7.9
Fighting       | 7 8 9 10 | 10.0
Ranged Weapons | 7 8 9 10 | 10.0

Action                   |  1- 3 |  4- 6 |  7- 9 | 10-12 || total
-------------------------+-------+-------+-------+-------++-------
Melee: Staff             |       |       |    51 |       ||    51
       Unarmed           |       |       |     9 |       ||     9
       Bite              |       |       |     8 |    81 ||    89
       Long sword        |       |       |       |   396 ||   396
       Great mace        |       |       |       |    70 ||    70
 Fire: Sling             |    88 |   125 |   132 |       ||   345
Throw: Dart              |       |       |    29 |     8 ||    37
Invok: Banish            |       |       |       |     2 ||     2
  Use: Scroll            |       |     3 |    12 |     6 ||    21
       Potion            |       |       |     8 |     1 ||     9
 Stab: Sleeping          |       |       |       |    11 ||    11
       Distracted        |       |       |       |     5 ||     5
       Confused          |       |       |       |     2 ||     2
Armor: Leather armour    |    16 |    12 |    53 |       ||    81
       Skin              |       |       |     2 |       ||     2
       Steam dragon scal |       |       |       |   229 ||   229
Dodge: Dodged            |    28 |    27 |   118 |   449 ||   622
Block: Buckler           |       |     7 |    39 |   125 ||   171
       Kite shield       |       |       |       |    69 ||    69

Table legend: (Time is in decaauts)
 A = Elapsed time spent in this place.
 B = Non-inter-level travel time spent in this place.
 C = Inter-level travel time spent in this place.
 D = Time resting spent in this place.
 E = Time spent auto-exploring this place.
 F = Levels seen in this place.
 G = Mean time per level.
                   A        B        C        D        E       F      G
               +--------+--------+--------+--------+--------+-----+--------+
         Total |  13862 |  12966 |    896 |      0 |  10805 |  14 |  990.1 |
       Dungeon |  12739 |  11844 |    895 |      0 |  10003 |  12 | 1061.6 |
          Lair |    195 |    195 |      0 |      0 |    134 |   1 |  195.0 |
        Bailey |    927 |    927 |      0 |      0 |    668 |   1 |  927.0 |
               +--------+--------+--------+--------+--------+-----+--------+

Top non-repeatable levels by time:
    D:11: 1777 daAuts
     D:9: 1525 daAuts
     D:6: 1486 daAuts
     D:4: 1078 daAuts
     D:7: 1047 daAuts
    D:12: 1029 daAuts
  Bailey: 927 daAuts
     D:3: 925 daAuts
     D:8: 891 daAuts
    D:10: 879 daAuts
     D:1: 830 daAuts
     D:5: 691 daAuts
     D:2: 576 daAuts
  Lair:1: 195 daAuts
